 Dungeon Crawl Stone Soup version 0.23.2-30-g0e89c35649 (webtiles) character file.

Game seed: 12570342931022936440

217 Mrkan the Cudgeler (level 5, -3/34 HPs)
             Began as a Gargoyle Monk on June 24, 2019.
             Was an Initiate of Gozag.
             Slain by Pikel
             ... wielding a +0 whip of freezing
              (9 damage)
             ... on level 4 of the Dungeon.
             The game lasted 00:04:53 (2866 turns).

Mrkan the Cudgeler (Gargoyle Monk)                  Turns: 2866, Time: 00:04:54

Health: -3/34      AC: 14    Str: 15    XL:     5   Next: 94%
Magic:  5/5        EV:  7    Int: 11    God:    Gozag
Gold:   439        SH:  0    Dex: 12    Spells: 4/4 levels left

rFire    . . .     SeeInvis .   a - +0 mace
rCold    . . .     Gourm    .   (no shield)
rNeg     + . .     Faith    .   e - +0 chain mail
rPois    ∞         Spirit   .   h - +0 helmet
rElec    +         Reflect  .   (no cloak)
rCorr    .         Harm     .   j - +0 pair of gloves
MR       .....                  (no boots)
Stlth    ..........             (no amulet)
HPRegen  0.11/turn              (no ring)
MPRegen  0.09/turn              (no ring)

@: no status effects
A: negative energy resistance 1, electricity resistance, unbreathing,
petrification resistance, rot immunity, AC +4
a: Potion Petition, Call Merchant, Bribe Branch, Renounce Religion


You were on level 4 of the Dungeon.
You worshipped Gozag.
Gozag was aware of your devotion.
You were not hungry.

You visited 1 branch of the dungeon, and saw 4 of its levels.

You collected 439 gold pieces.

Inventory:

Hand Weapons
 a - a +0 mace (weapon)
Armour
 e - a +0 chain mail (worn)
 h - a +0 helmet (worn)
 j - a +0 pair of gloves (worn)
Scrolls
 b - 5 scrolls of amnesia {unknown}
 d - a scroll of immolation {unknown}
 f - 4 scrolls of teleportation {unknown}
 k - a scroll of identify {unknown}
Potions
 g - a potion of haste {unknown}
 i - a potion of curing {unknown}
 l - a potion of degeneration {unknown}
 m - a potion of agility {unknown}
Comestibles
 c - 6 rations


   Skills:
 + Level 4.8 Fighting
 * Level 5.5 Maces & Flails
 + Level 0.0 Armour
 - Level 2.4 Dodging
 - Level 2.1 Stealth


You had 4 spell levels left.
You didn't know any spells.
Your spell library was empty.

Dungeon Overview and Level Annotations

Branches:
Dungeon (4/15)
 Temple: D:4-7

Altars:
Ashenzari
Elyvilon
Gozag
Uskayaw
Xom

Annotations:
D:4 Pikel


Innate Abilities, Weirdness & Mutations

You are resistant to torment.
Your stone body is resilient. (AC +4)
You are immune to poison.
You resist negative energy. (rN+)
You are resistant to electric shocks. (rElec)
You can survive without breathing.
You are immune to petrification.
You are immune to rotting.


Message History

Pikel hits you with a +0 whip of freezing!
Pikel freezes you.
You hit Pikel.
Pikel is heavily wounded.
Pikel barely misses you.
You closely miss Pikel.
Pikel is heavily wounded.
Pikel hits you with a +0 whip of freezing.
Pikel freezes you.
You barely miss Pikel.
Pikel is heavily wounded.
Pikel hits you with a +0 whip of freezing.
* * * LOW HITPOINT WARNING * * *
Pikel freezes you.
* * * LOW HITPOINT WARNING * * *
You barely miss Pikel.
Pikel is heavily wounded.
Pikel hits you with a +0 whip of freezing!
You die...
Your body crumbles into a pile of gold.

.......>.....#
.###############.#
.# #..........#.#
.## #.########.#p#
..# #.# #.#p# ..#
#.########.#p# ..#
#........#.#p# ..#
########.#.#K# ..#
#.#.#@# ..#
#.#.#.# ..#
#.#.#.# ..#######
#.#.#.# ........#
#.#.#.# .######.#
#.#.#.# .# #.#
#.#.#.# ##
#.####.#.#.#
#......#.#.######


You could see Pikel and 4 slaves.

Vanquished Creatures
  A hound (D:3)
  Jessica (D:2)
  Terence (D:2)
  4 gnolls (D:2)
  An adder (D:2)
  2 oozes (D:3)
  2 worms
  A dart slug (D:2)
  A leopard gecko (D:3)
  4 orcs
  6 giant cockroaches
  9 goblins
  6 hobgoblins
  2 jackals (D:1)
  6 kobolds
  A quokka (D:3)
  3 ball pythons
  7 bats
  7 frilled lizards
  A leopard gecko skeleton (D:4)
  7 rats
73 creatures vanquished.

Notes
Turn   | Place    | Note
-------+----------+-------------------------------------------
     0 | D:1      | Mrkan the Gargoyle Monk began the quest for the Orb.
     0 | D:1      | Reached XP level 1. HP: 14/14 MP: 1/1
   224 | D:1      | Reached XP level 2. HP: 16/19 MP: 2/2
   960 | D:2      | Reached XP level 3. HP: 22/24 MP: 3/3
   998 | D:2      | Found an opulent altar of Gozag.
  1019 | D:2      | Became a worshipper of Gozag Ym Sagoz the Greedy
  1099 | D:2      | Noticed Jessica
  1114 | D:2      | Killed Jessica
  1114 | D:2      | Reached skill level 4 in Maces & Flails
  1114 | D:2      | Reached XP level 4. HP: 20/29 MP: 4/4
  1129 | D:2      | Found a white marble altar of Elyvilon.
  1192 | D:2      | Found a shimmering altar of Xom.
  1330 | D:2      | Noticed Terence
  1370 | D:2      | Killed Terence
  1557 | D:2      | Reached XP level 5. HP: 24/34 MP: 5/5
  1570 | D:2      | Reached skill level 5 in Maces & Flails
  1920 | D:3      | Found a hide-covered altar of Uskayaw.
  2278 | D:3      | Found a shattered altar of Ashenzari.
  2845 | D:4      | Noticed a slave
  2846 | D:4      | Noticed a slave
  2847 | D:4      | Noticed Pikel
  2848 | D:4      | Noticed a slave
  2850 | D:4      | Noticed a slave
  2866 | D:4      | Slain by Pikel

Skill      XL: |  1  2  3  4  5 |
---------------+----------------+-----
Fighting       | 4 |  4.8
Maces & Flails | 4 5 |  5.5
Dodging        | |  2.4
Stealth        | |  2.1

Action                   |  1- 3 |  4- 6 || total
-------------------------+-------+-------++-------
Melee: Mace              |   120 |   222 ||   342
 Stab: Distracted        |     1 |       ||     1
  Eat: Chunk             |     1 |       ||     1
       Ration            |       |     2 ||     2
Armor: Chain mail        |   101 |   164 ||   265
Dodge: Dodged            |    60 |    95 ||   155
